 Dungeon Crawl Stone Soup version 0.31-a0-222-gefeffbb62a (webtiles) character file.

Game seed: 1311949501738819617

163 innerfire43 the Trooper (level 5, -1/42 HPs)
             Began as a Demonspawn Monk on July 5, 2023.
             Killed from afar by a white imp (7 damage)
             ... with a puff of frost
             ... summoned by Eustachio
             ... on level 4 of the Dungeon.
             The game lasted 00:04:13 (2884 turns).

innerfire43 the Trooper (Demonspawn Monk)           Turns: 2884, Time: 00:04:14

Health: -1/42      AC:  6    Str: 13    XL:     5   Next: 20%
Magic:  5/5        EV: 22    Int: 11    God:
Gold:   206        SH:  0    Dex: 21    Spells: 4/4 levels left

rFire   . . .        a - melded +0 hand axe
rCold   . . .        d - melded orb {light}
rNeg    . . .        j - melded +0 scale mail
rPois   .            q - melded +1 helmet
rElec   .            (cloak currently unavailable)
rCorr   .            l - melded +1 pair of gloves
SInv    .            (boots currently unavailable)
Will    .....        (no amulet)
Stlth   ++           v - melded +4 ring of protection
HPRegen 0.27/turn    p - melded ring of positive energy
MPRegen 0.09/turn

%: no passive effects
@: about to teleport, bat-form (expiring), sanguine armoured, flying, very quick
A: fast, flying, no casting, tiny, ignite blood 1, sanguine armour 1
a: no special abilities


You were on level 4 of the Dungeon.
You were a bat.
You visited 1 branch of the dungeon, and saw 4 of its levels.

You collected 206 gold pieces.

Inventory:

Hand Weapons
 a - a +0 hand axe (melded)
Armour
 b - a +0 robe
 d - an orb of light (melded)
 j - a +0 scale mail (melded)
 l - a +1 pair of gloves (melded)
 q - a +1 helmet (melded)
Jewellery
 h - a ring of protection from cold
 k - a ring of protection from fire
 p - a ring of positive energy (melded)
 v - a +4 ring of protection (melded)
Scrolls
 f - a scroll of teleportation
 m - 2 scrolls of revelation
 u - a scroll of immolation
Potions
 c - 2 potions of ambrosia
 e - 2 potions of brilliance
 g - 2 potions of lignification {unknown}
 i - a potion of invisibility {unknown}
 n - 2 potions of curing {unknown}
 o - a potion of attraction {unknown}
 r - a potion of enlightenment {unknown}
 s - a potion of might {unknown}
 t - a potion of berserk rage {unknown}
 w - 2 potions of degeneration {unknown}


   Skills:
 + Level 4.2 Fighting
 + Level 3.8 Axes
 + Level 3.7 Dodging


You had 4 spell levels left.
You didn't know any spells.
Your spell library contained the following spells:

 Spells                   Type           Power      Damage    Failure   Level
 Ensorcelled Hibernation  Hex/Ice        0%         N/A       47%         2
 Passwall                 Tmut/Erth      0%         N/A       47%         2
 Gell's Gravitas          Tloc           0%         N/A       71%         3
 Swiftness                Air            0%         N/A       71%         3
 Teleport Other           Tloc           0%         N/A       71%         3
 Dispersal                Tloc           0%         N/A       100%        6


Dungeon Overview and Level Annotations

Branches:
Dungeon (4/15)
 Temple: D:4-7

Altars:

Annotations:
D:4 Eustachio


Innate Abilities, Weirdness & Mutations

You are a bat.
You are tiny and dextrous.
You move quickly.
You are flying.
Your equipment is almost entirely melded.
You are incapable of wielding weapons or throwing items.
You cannot cast spells.
Your demonic aura sometimes causes spilled blood to erupt in flames.
When seriously injured, your blood forms armour. (AC +6)


Message History

You hit the adder but do no damage.
The adder is severely wounded.
The shadow imp disappears in a puff of smoke!
The bat hits you. The bat misses you. The adder misses you.
The ball python misses you. The ball python completely misses you.
The river rat misses you. The river rat bites you.
* * * LOW HITPOINT WARNING * * *
The adder completely misses you.
Eustachio mumbles some strange words.
Eustachio blinks!
You hit the adder but do no damage.
The adder is severely wounded.
The bat completely misses you. The bat misses you.
The ball python bites you but does no damage.
The ball python barely misses you. The white imp completely misses you.
The river rat completely misses you. The river rat closely misses you.
The adder completely misses you.
The ball python bites you but does no damage.
The ball python closely misses you.
Unknown command.
You hit the adder but do no damage.
The adder is severely wounded.
The bat completely misses you.
Eustachio mumbles some strange words.
Eustachio blinks!
The white imp gestures at you. The puff of frost hits you.
* * * LOW HITPOINT WARNING * * *
You hear a sizzling sound!
The river rat bites you but does no damage.
The adder misses you. The river rat bites you.
* * * LOW HITPOINT WARNING * * *
The ball python completely misses you. The ball python closely misses you.
As you read the scroll of teleportation, it crumbles to dust.
You feel strangely unstable. The bat closely misses you.
Eustachio says, "Summoning is fun!"
The adder barely misses you. The white imp gestures at you.
The puff of frost hits you!
You die...

### ######
.... ....#
.... ....# #..
#...#
###..##.ยง.#
.......5..#
.......r5S#
......bSb.#
.......r5.#
#...###@b.#
#.. ###.).# .
#.)...#
#.))..#
#.....#
##....#
#########....#


You could see Eustachio, an adder, 2 river rats, 3 white imps, 2 bats and a ball
python.

Vanquished Creatures
  5 gnolls
  3 adders
  A worm (D:2)
  2 dart slugs (D:1)
  An orc (D:3)
  9 bats
  5 endoplasms
  5 giant cockroaches
  6 goblins
  3 hobgoblins
  10 jackals (D:1)
  9 kobolds
  2 quokkas
  6 ball pythons
  3 frilled lizards
  6 rats
76 creatures vanquished.

Notes
Turn   | Place    | Note
-------+----------+-------------------------------------------
     0 | D:1      | innerfire43 the Demonspawn Monk began the quest for the
                  | Orb.
     0 | D:1      | Reached XP level 1. HP: 18/18 MP: 1/1
    68 | D:1      | Gained mutation: When seriously injured, your blood forms
                  | armour. (AC +6) [demonic ancestry]
    68 | D:1      | Reached XP level 2. HP: 24/24 MP: 2/2
   333 | D:1      | Reached XP level 3. HP: 26/29 MP: 3/3
  1043 | D:2      | Reached XP level 4. HP: 16/37 MP: 4/4
  1807 | D:3      | Reached skill level 4 in Fighting
  2591 | D:4      | Noticed Eustachio
  2828 | D:4      | Gained mutation: Your demonic aura sometimes causes spilled
                  | blood to erupt in flames. [demonic ancestry]
  2828 | D:4      | Reached XP level 5. HP: 36/42 MP: 5/5
  2884 | D:4      | Killed from afar by a white imp

Illustrated notes

Levels and vault maps discovered:
D:1:      spicycebolla_arrival_ecumenical, layout_loops_ring
D:2:      layout_loops_cross, minmay_circled_x
D:3:      layout_loops_ring, grunt_ministairs_10
D:4:      layout_gridville, portal_sewer_entry_e, uniq_eustachio

Skill      XL: |  1  2  3  4 |
---------------+-------------+-----
Axes           | 3 |  3.8
Dodging        | 3 |  3.7
Fighting       | 4 |  4.2

Action                     |  1- 3 |  4- 6 || total
---------------------------+-------+-------++-------
  Melee: Hand axe          |   112 |   122 ||   234
         Unarmed           |       |    29 ||    29
    Use: Scroll            |       |     9 ||     9
 Armour: Robe              |    42 |    12 ||    54
         Scale mail        |       |    15 ||    15
         Skin              |       |    43 ||    43
  Dodge: Dodged            |   115 |   192 ||   307

Table legend: (Time is in decaauts)
 A = Elapsed time spent in this place.
 B = Non-inter-level travel time spent in this place.
 C = Inter-level travel time spent in this place.
 D = Time resting spent in this place.
 E = Time spent auto-exploring this place.
 F = Levels seen in this place.
 G = Mean time per level.
                   A        B        C        D        E       F      G
               +--------+--------+--------+--------+--------+-----+--------+
         Total |   2907 |   2755 |    152 |      0 |   2206 |   4 |  726.8 |
       Dungeon |   2907 |   2755 |    152 |      0 |   2206 |   4 |  726.8 |
               +--------+--------+--------+--------+--------+-----+--------+

Top non-repeatable levels by time:
     D:1: 1025 daAuts
     D:3: 784 daAuts
     D:2: 773 daAuts
     D:4: 323 daAuts
